 Dungeon Crawl Stone Soup version 0.29-a0-275-g389c0b56f3 (webtiles) character file.

Game seed: 15294731563423556867

739 siradein the Skirmisher (level 7, -3/75 HPs)
             Began as an Ogre Hunter on Mar 10, 2022.
             Was a Follower of Ru.
             Slain by Duvessa
             ... wielding a +0 short sword
              (17 damage)
             ... on level 5 of the Dungeon.
             The game lasted 00:15:12 (4054 turns).

siradein the Skirmisher (Ogre Hunter)               Turns: 4054, Time: 00:15:12

Health: -3/75      AC:  4    Str: 17    XL:     7   Next: 75%
Magic:  7/7        EV: 10    Int: 12    God:    Ru [*.....]
Gold:   115        SH:  0    Dex: 11    Spells: 6/6 levels left

rFire   . . .      SeeInvis .   a - +1 shortbow
rCold   . . .      Faith    .   (shield currently unavailable)
rNeg    . . .      Spirit   .   b - +0 robe
rPois   .          Reflect  .   (helmet restricted)
rElec   .          Harm     .   i - +0 cloak
rCorr   .          Rampage  .   (gloves unavailable)
Will    .....                   (boots unavailable)
Stlth   +.........              (no amulet)
HPRegen 0.22/turn               (no ring)
MPRegen 0.10/turn               (no ring)

@: mighty
A: large, unfitting armour, tough skin 1, no air magic, no translocations magic,
no transmutations magic
a: Renounce Religion


You were on level 5 of the Dungeon.
You worshipped Ru.
Ru was aware of your devotion.
You visited 2 branches of the dungeon, and saw 8 of its levels.
You also visited: Sewer and Ossuary.

You collected 203 gold pieces.
You spent 88 gold pieces at shops.

Inventory:

Hand Weapons
 a - a +1 shortbow (weapon)
Armour
 b - a +0 robe (worn)
 i - a +0 cloak (worn)
Jewellery
 l - an amulet of magic regeneration
 t - a ring of ice
 u - a ring of magical power
 w - a ring of willpower
Scrolls
 c - 2 scrolls of immolation
 h - 3 scrolls of brand weapon {unknown}
 m - a scroll of vulnerability
 n - 3 scrolls of enchant armour
 o - a scroll of amnesia {unknown}
 q - a scroll of teleportation {unknown}
 v - a scroll of blinking {unknown}
Potions
 d - 6 potions of haste
 e - 4 potions of curing
 f - a potion of resistance
 g - 5 potions of flight
 k - a potion of berserk rage
 p - a potion of brilliance
 r - a potion of magic
 s - a potion of heal wounds


   Skills:
 + Level 6.0 Fighting
 * Level 5.4 Bows
 + Level 4.1 Dodging
 - Level 0.6 Stealth


You had 6 spell levels left.
You didn't know any spells.
Your spell library contained the following spells:

 Spells                   Type           Power      Damage    Failure   Level
 Summon Guardian Golem    Hex/Summ       0%         N/A       69%         3
 Orb of Destruction       Conj           0%         9d5       100%        7
 Spellforged Servitor     Conj/Summ      0%         N/A       100%        7


Dungeon Overview and Level Annotations

Branches:
Dungeon (7/15)             Temple (1/1) D:4           Sewer (visited)
Ossuary (visited)

Altars:
Ashenzari
Cheibriados
Dithmenos
Elyvilon
Fedhas
Gozag
Hepliaklqana
Kikubaaqudgha
Makhleb
Okawaru
Qazlal
Ru
Sif Muna
Trog
Uskayaw
Vehumet
Wu Jian
Xom
Yredelemnul
Zin
The Shining One

Shops:
D:3 ?

Annotations:
D:5 Duvessa


Innate Abilities, Weirdness & Mutations

You are too large for most types of armour.
You have tough skin. (AC +1)
You cannot study or cast Air magic.
You cannot study or cast Translocations magic.
You cannot study or cast Transmutations magic.


Message History

You shoot an arrow. The arrow hits Duvessa!
Duvessa is lightly wounded.
Duvessa hits you with a +0 short sword! Duvessa hits you with a +0 short sword.
You shoot an arrow.
The arrow hits Duvessa but does no damage.
Duvessa is lightly wounded.
Duvessa barely misses you.
Duvessa is stunned by your conviction and fails to attack.
You shoot an arrow. The arrow hits Duvessa.
Duvessa is moderately wounded.
Duvessa hits you with a +0 short sword! x2
* * * LOW HITPOINT WARNING * * *
You are too injured to fight recklessly!
You are too injured to fight recklessly!
You are too injured to fight recklessly!
You feel much better. Duvessa hits you with a +0 short sword.
Okay, then.
You feel very mighty all of a sudden. Duvessa hits you with a +0 short sword!
Duvessa completely misses you.
Shoot: a) +1 shortbow
Press: ? - help, Q - select action Shift-Dir - straight line, f/p - Duvessa
Aim: Duvessa, wielding a +0 short sword and wearing a +0 scale mail (moderately wounded, berserk, 70% to hit)
You shoot an arrow. The arrow hits Duvessa!
Duvessa is heavily wounded.
Duvessa barely misses you.
Shoot: a) +1 shortbow
Press: ? - help, Q - select action Shift-Dir - straight line, f/p - Duvessa
Aim: Duvessa, wielding a +0 short sword and wearing a +0 scale mail (heavily wounded, berserk, 70% to hit)
You shoot an arrow.
The arrow hits Duvessa but does no damage.
Duvessa is heavily wounded.
Duvessa hits you with a +0 short sword!!
* * * LOW HITPOINT WARNING * * *
Duvessa closely misses you.
Shoot: a) +1 shortbow
Press: ? - help, Q - select action Shift-Dir - straight line, f/p - Duvessa
Aim: Duvessa, wielding a +0 short sword and wearing a +0 scale mail (heavily wounded, berserk, 70% to hit)
You shoot an arrow. The arrow barely misses Duvessa.
Duvessa hits you with a +0 short sword!
You die...

#(# #.... #.#.
#.#.# #...#
#.#.#
.)...##.#.##
...†.<#....##
............####
......).........
...†..e@....#
......##...##
..... ##.## #...
#...######## ##.
#.#........# ..
#...######.# #
##### #.# #.#
#.#


You could see Duvessa (berserk).

Vanquished Creatures
  A water moccasin (D:6)
  2 kobold brigands (Sewer)
  An elf zombie (Ossuary)
  Dowan (D:5)
  A centaur zombie (Ossuary)
  A hound (D:5)
  A jelly (D:3)
  A human zombie (Ossuary)
  An iguana (D:4)
  2 mummies (Ossuary)
  4 adders
  6 gnolls (D:3)
  2 worms
  3 dart slugs
  An orc (D:2)
  5 endoplasms
  3 giant cockroaches
  5 goblins
  7 hobgoblins
  2 jackals (Sewer)
  3 quokkas
  9 ball pythons
  6 bats
  14 frilled lizards
  4 goblin zombies (Ossuary)
  12 hobgoblin zombies (Ossuary)
  2 jackal zombies (Ossuary)
  10 kobolds
  11 kobold zombies (Ossuary)
  5 orc zombies (Ossuary)
  11 rats
  A rat zombie (D:4)
138 creatures vanquished.

Vanquished Creatures (others)
  4 plants (D:1)
4 creatures vanquished.

Grand Total: 142 creatures vanquished

Notes
Turn   | Place    | Note
-------+----------+-------------------------------------------
     0 | D:1      | siradein the Ogre Hunter began the quest for the Orb.
     0 | D:1      | Reached XP level 1. HP: 22/22 MP: 1/1
    63 | D:1      | Reached skill level 3 in Fighting
    63 | D:1      | Reached XP level 2. HP: 29/31 MP: 2/2
   479 | D:1      | Reached XP level 3. HP: 35/37 MP: 3/3
   636 | D:2      | Found a faded altar of an unknown god.
   856 | D:2      | Reached XP level 4. HP: 45/45 MP: 4/4
  1345 | D:3      | Reached skill level 4 in Fighting
  1441 | D:3      | Found Suogamp's Magic Scroll Emporium.
  1463 | D:3      | Reached XP level 5. HP: 49/54 MP: 5/5
  1546 | D:3      | Found a glowing drain.
  1557 | Sewer    | Entered a sewer
  1723 | Sewer    | Noticed a kobold brigand
  1742 | Sewer    | Killed a kobold brigand
  1754 | Sewer    | Noticed a kobold brigand
  1807 | Sewer    | Killed a kobold brigand
  1808 | Sewer    | Reached XP level 6. HP: 58/65 MP: 6/6
  1884 | Sewer    | Found a white marble altar of Elyvilon.
  1979 | D:3      | Bought a scroll of identify for 22 gold pieces
  1979 | D:3      | Bought 3 scrolls of identify for 66 gold pieces
  2227 | D:3      | Noticed an orc warrior
  2317 | D:4      | Found a staircase to the Ecumenical Temple.
  2326 | Temple   | Entered the Ecumenical Temple
  2415 | Temple   | Became a worshipper of Ru the Awakened
  2459 | D:4      | Found a sand-covered staircase.
  2471 | D:4      | Reached skill level 5 in Fighting
  2477 | Ossuary  | Entered an ossuary
  2727 | Ossuary  | Reached XP level 7. HP: 37/72 MP: 7/7
  2947 | Ossuary  | Reached skill level 5 in Bows
  3501 | D:4      | You fall into a shaft and drop 3 floors!
  3610 | D:6      | Gained mutation: You cannot study or cast Air magic. [Ru
                  | sacrifice]
  3610 | D:6      | Gained mutation: You cannot study or cast Transmutations
                  | magic. [Ru sacrifice]
  3610 | D:6      | Gained mutation: You cannot study or cast Translocations
                  | magic. [Ru sacrifice]
  3610 | D:6      | Reached * piety under Ru
  3996 | D:5      | Entered Level 5 of the Dungeon
  4035 | D:5      | Noticed Dowan
  4038 | D:5      | Noticed Duvessa
  4045 | D:5      | Killed Dowan
  4046 | D:5      | Reached skill level 6 in Fighting
  4054 | D:5      | Slain by Duvessa

Illustrated notes

Levels and vault maps discovered:
D:1:      dpeg_arrival_tiny_h, layout_rooms, minmay_lizard_king
D:2:      layout_rooms, ebering_ecumenical_altar_webs, minmay_increasing_density
D:3:      layout_rooms, portal_sewer_entry_b, serial_shops, nicolae_square_shop
D:4:      layout_cave_pools, minmay_temple_entry_mist, enter_ossuary_3,
          hangedman_decor_opposing
D:5:      layout_loops_ring, serial_shops, nicolae_inconvenience_store,
          uniq_duvessa
D:6:      layout_loops_corners, nicolae_underground_beach
D:7:      minmay_the_grid_plus_closed [minmay_the_grid_rooms,
          minmay_the_grid_plusring, minmay_the_grid_stretched_grid,
          minmay_the_grid_garden, minmay_the_grid_prize_four_corners_diamond_a],
          layout_cave_pools, serial_shops, shop, minmay_tree_intersection,
          chequers_serial_rivers_room_a, minmay_ruffians
Temple:   kilobyte_greek_temple

Skill      XL: |  1  2  3  4  5  6  7 |
---------------+----------------------+-----
Bows           | 3 4 5 |  5.4
Dodging        | 2 3 4 |  4.1
Fighting       | 3 4 5 6 |  6.0
Stealth        | |  0.6

Action                   |  1- 3 |  4- 6 |  7- 9 || total
-------------------------+-------+-------+-------++-------
 Fire: Shortbow          |   122 |   274 |   107 ||   503
Invok: Sacrifice Arcana  |       |       |     1 ||     1
  Use: Scroll            |       |     8 |     1 ||     9
       Potion            |       |       |     2 ||     2
Armor: Robe              |    26 |    38 |    24 ||    88
Dodge: Dodged            |    34 |    51 |    35 ||   120

Table legend: (Time is in decaauts)
 A = Elapsed time spent in this place.
 B = Non-inter-level travel time spent in this place.
 C = Inter-level travel time spent in this place.
 D = Time resting spent in this place.
 E = Time spent auto-exploring this place.
 F = Levels seen in this place.
 G = Mean time per level.
                   A        B        C        D        E       F      G
               +--------+--------+--------+--------+--------+-----+--------+
         Total |   4243 |   4169 |     74 |      0 |   2847 |  10 |  424.3 |
       Dungeon |   2995 |   2921 |     74 |      0 |   2068 |   7 |  427.9 |
        Temple |    127 |    127 |      0 |      0 |     74 |   1 |  127.0 |
         Sewer |    420 |    420 |      0 |      0 |    307 |   1 |  420.0 |
       Ossuary |    700 |    700 |      0 |      0 |    397 |   1 |  700.0 |
               +--------+--------+--------+--------+--------+-----+--------+

Top non-repeatable levels by time:
 Ossuary: 700 daAuts
     D:3: 697 daAuts
     D:1: 657 daAuts
     D:2: 650 daAuts
     D:6: 488 daAuts
     D:4: 428 daAuts
   Sewer: 420 daAuts
  Temple: 127 daAuts
     D:5: 63 daAuts
     D:7: 10 daAuts
